 Dungeon Crawl Stone Soup version 0.18-a0-1164-g7046a04 (webtiles) character file.

92 poirepourri the Insei (level 4, 0/29 HPs)
             Began as an Octopode Transmuter on Jan 25, 2016.
             Slain by a worm (6 damage)
             ... on level 2 of the Dungeon.
             The game lasted 00:04:26 (2361 turns).

poirepourri the Insei (Octopode Transmuter)         Turns: 2361, Time: 00:04:27

Health: 0/29       AC:  1    Str: 10    XL:     4   Next: 60%
Magic:  7/7        EV: 13    Int: 15    God:
Gold:   74         SH:  0    Dex: 12    Spells: 3 memorised, 1 level left

rFire  . . .     SeeInvis .     d - -2 short sword (curse)
rCold  . . .     Gourm    .     (no shield)
rNeg   . . .     Faith    .     (helmet restricted)
rPois  .         Spirit   .     (no amulet)
rElec  .         Dismiss  .     (no ring)
rCorr  .         Reflect  .     (no ring)
SustAt .         Harm     .     (no ring)
MR     .....                    (no ring)
Stlth  +++.......               (no ring)
                                (no ring)
                                (no ring)
                                (no ring)

@: not resistant to hostile enchantments, fairly stealthy
A: almost no armour, amphibious, 8 rings, constrict 8, camouflage 1, gelatinous
body 1
a: no special abilities


You were on level 2 of the Dungeon.
You were not hungry.

You visited 1 branch of the dungeon, and saw 2 of its levels.

You collected 74 gold pieces.

Inventory:

Hand Weapons
 d - a cursed -2 short sword (weapon)
Missiles
 a - 27 arrows
Scrolls
 e - a scroll of identify
 i - a scroll of enchant armour {unknown}
Potions
 c - 3 potions of curing {unknown}
 f - 2 potions of brilliance
 g - a potion of lignification
 j - a potion of agility {unknown}
Books
 b - a book of Changes

   Spells                             Type                      Level
   a - Beastly Appendage              Transmutation                1
   b - Sticks to Snakes               Transmutation                2
   c - Spider Form                    Transmutation/Poison         3
   d - Ice Form                       Ice/Transmutation            4
   e - Blade Hands                    Transmutation                5
Comestibles
 h - a meat ration


   Skills:
 + Level 2.0 Fighting
 + Level 3.0 Dodging
 + Level 2.2 Stealth
 - Level 3.2 Unarmed Combat
 + Level 2.3 Spellcasting
 + Level 2.4 Transmutations


You had one spell level left.
You knew the following spells:

 Your Spells              Type           Power        Failure   Level  Hunger
a - Beastly Appendage     Trmt           #.....       10%         1    #......
b - Sticks to Snakes      Trmt           #.......     12%         2    ###....
c - Spider Form           Trmt/Pois      #.........   43%         3    ###....


Dungeon Overview and Level Annotations

Branches:
Dungeon (2/15)

Altars:
Kikubaaqudgha


Innate Abilities, Weirdness & Mutations

You cannot wear most types of armour.
You are amphibious.
You can wear up to eight rings at the same time.
You can use your tentacles to constrict eight enemies at once.
Your skin changes colour to match your surroundings (Stealth).
Your rubbery body absorbs attacks (AC +1).


Message History

You squeeze the giant cockroach.
You kill the giant cockroach!
Your Dodging skill increases to level 3!
A worm comes into view.
A worm is nearby!
A worm is nearby!
A worm is nearby!
The worm bites you but does no damage. The worm bites you.
You hit the worm. You grab the worm.
The worm is lightly wounded.
You constrict the worm. You hit the worm.
The worm is moderately wounded.
You constrict the worm. The worm bites you!
* * * LOW HITPOINT WARNING * * *
You hit the worm but do no damage.
The worm is moderately wounded.
You constrict the worm. The worm bites you.
You die...

#.##.##..# #########...##
#.......####........###.###
####........(.#####.#
#.#.#### #####.##...#
#.###.(..... #.##...#
##...##.#### #.##...#
###.......# #.###..#
#..#..... #.####.#
#..#.##.# #....w@#
##.#...... ########
##.###.##.# ##.## ##...#
#.## ##.## ##.## ##.##
##.###..# #..#..<# #.#.#..#
#.###..#


You could see a worm.

Vanquished Creatures
  4 adders
  An ooze (D:1)
  2 giant geckos
  A ball python (D:1)
  7 bats
  3 giant cockroaches
  4 goblins
  3 hobgoblins
  3 jackals (D:1)
  8 kobolds
  A quokka (D:2)
  5 giant newts
  7 rats
49 creatures vanquished.

Vanquished Creatures (collateral kills)
  A giant cockroach (D:1)
  A kobold (D:1)
2 creatures vanquished.

Grand Total: 51 creatures vanquished

Notes
Turn   | Place    | Note
--------------------------------------------------------------
     0 | D:1      | poirepourri the Octopode Transmuter began the quest for the Orb.
     0 | D:1      | Reached XP level 1. HP: 13/13 MP: 3/3
    90 | D:1      | Reached XP level 2. HP: 4/18 MP: 5/5
   127 | D:1      | Learned a level 2 spell: Sticks to Snakes
   687 | D:1      | Reached XP level 3. HP: 15/23 MP: 6/6
  1577 | D:1      | Reached skill level 1 in Stealth
  1780 | D:2      | Reached XP level 4. HP: 21/28 MP: 4/7
  1925 | D:2      | Learned a level 3 spell: Spider Form
  1944 | D:2      | Found an ancient bone altar of Kikubaaqudgha.
  2361 | D:2      | Slain by a worm

Vault maps used:
D:1:      dpeg_arrival_rooms_a, grunt_decor_cap
D:2:      lemuel_zombie_altar_kikubaaqudgha

Action                   |  1- 3 |  4- 6 || total
-------------------------+-------+-------++-------
Melee: Unarmed           |    20 |       ||    20
       Short sword       |    92 |    29 ||   121
 Cast: Sticks to Snakes  |     5 |       ||     5
       Beastly Appendage |     3 |     1 ||     4
  Use: Scroll            |     5 |       ||     5
       Potion            |     1 |       ||     1
 Stab: Sleeping          |     5 |     2 ||     7
  Eat: Bread ration      |     2 |       ||     2
